 Dungeon Crawl Stone Soup version 0.25.0-46-gbd7b0854d2 (webtiles) character file.

Game seed: 4818128699367075662

68 Elvor the Bolt Thrower (level 4, -1/40 HPs)
             Began as a Minotaur Hunter on July 17, 2020.
             Slain by an adder (3 damage)
             ... on level 3 of the Dungeon.
             The game lasted 00:11:43 (1289 turns).

Elvor the Bolt Thrower (Minotaur Hunter)            Turns: 1289, Time: 00:11:43

Health: -1/40      AC:  7    Str: 17    XL:     4   Next: 1%
Magic:  3/3        EV: 12    Int:  8    God:
Gold:   64         SH:  0    Dex: 11    Spells: 3/3 levels left

rFire    . . .     SeeInvis .   o - -2 spear (curse)
rCold    . . .     Gourm    .   (no shield)
rNeg     . . .     Faith    .   c - +0 leather armour
rPois    .         Spirit   .   (helmet restricted)
rElec    .         Reflect  .   (no cloak)
rCorr    .         Harm     .   (no gloves)
MR       .....                  (no boots)
Stlth    +.........             (no amulet)
HPRegen  0.13/turn              n - +4 ring of protection
MPRegen  0.08/turn              (no ring)

@: brilliant, lethally poisoned (-1 -> -10)
A: retaliatory headbutt, horns 2
a: no special abilities


You were on level 3 of the Dungeon.
You were not hungry.

You visited 1 branch of the dungeon, and saw 3 of its levels.

You collected 64 gold pieces.

Inventory:

Hand Weapons
 a - a +1 hand crossbow
 b - a +0 short sword
 o - a cursed -2 spear (weapon)
Missiles
 d - 16 bolts
 q - 2 boomerangs (quivered)
Armour
 c - a +0 leather armour (worn)
Jewellery
 n - a +4 ring of protection (left hand)
Scrolls
 e - a scroll of immolation {unknown}
 j - a scroll of enchant weapon {unknown}
 l - a scroll of identify {unknown}
 m - a scroll of fog {unknown}
Potions
 g - a potion of resistance {unknown}
 h - a potion of heal wounds {unknown}
 i - a potion of might {unknown}
Comestibles
 f - 2 rations
 r - 2 chunks of flesh


   Skills:
 * Level 3.7 Fighting
 + Level 5.3 Crossbows
 + Level 0.2 Throwing
 + Level 0.2 Armour
 + Level 2.4 Dodging
 + Level 0.7 Stealth


You had 3 spell levels left.
You didn't know any spells.
Your spell library was empty.

Dungeon Overview and Level Annotations

Branches:
Dungeon (3/15)

Altars:
Elyvilon

Annotations:
D:2 Sigmund


Innate Abilities, Weirdness & Mutations

You reflexively headbutt those who attack you in melee.
You have a pair of horns on your head.


Message History

The adder is moderately wounded.
You feel sick. The adder misses you. You furiously retaliate!
You headbutt the adder. You hit the adder.
The adder is almost dead.
You feel sick. The adder closely misses you. The adder misses you.
You hit the adder but do no damage.
The adder is almost dead.
The adder bites you but does no damage.
You closely miss the adder.
The adder is almost dead.
You feel sick. The adder bites you.
* * * LOW HITPOINT WARNING * * *
You are more poisoned.
The adder poisons you! The adder bites you but does no damage.
It was a potion of brilliance.
You feel clever all of a sudden.
* * * LOW HITPOINT WARNING * * *
You feel sick. The adder bites you.
You die...

###########
...$......#
.....>..>.#
..........#
..........#
..........#
......S...#
.......@..#
#....####.#
#.. .# # ..
.# .. .


You could see an adder.

Vanquished Creatures
  3 oozes (D:1)
  3 dart slugs (D:1)
  4 leopard geckos
  A giant cockroach (D:1)
  4 goblins
  3 hobgoblins (D:1)
  8 jackals (D:1)
  5 kobolds (D:1)
  5 bats
  3 frilled lizards
  5 rats
44 creatures vanquished.

Vanquished Creatures (others)
  A ball python (D:2)
1 creature vanquished.

Grand Total: 45 creatures vanquished

Notes
Turn   | Place    | Note
-------+----------+-------------------------------------------
     0 | D:1      | Elvor the Minotaur Hunter began the quest for the Orb.
     0 | D:1      | Reached XP level 1. HP: 18/18 MP: 0/0
    80 | D:1      | Reached XP level 2. HP: 26/26 MP: 1/1
   160 | D:1      | Reached XP level 3. HP: 31/31 MP: 2/2
   314 | D:1      | Reached skill level 5 in Crossbows
  1184 | D:2      | Reached XP level 4. HP: 37/40 MP: 3/3
  1230 | D:2      | Noticed Sigmund
  1277 | D:2      | Found a white marble altar of Elyvilon.
  1288 | D:3      | HP: 2/40 [adder (3)]
  1289 | D:3      | Slain by an adder

Illustrated notes

Levels and vault maps discovered:
D:1:      saegor_arrival_under_anarchy, layout_basic
D:2:      layout_loops_ring, fiery_altar_vehumet, elyvilon_altar_5,
          serial_co_window_serial, co_window_paths_a, co_window_paths_a,
          co_window_corner_a, co_window_paths_a, co_window_of_opportunity_a,
          co_window_of_opportunity_b, co_window_of_opportunity_b,
          co_window_2corner, co_window_4corner_a, glass_columns_a,
          glass_columns_c, minmay_pentomino_s4, uniq_sigmund
D:3:      minmay_octagon_keep, layout_rooms, nicolae_overflow_hidden_temple,
          lemuel_crystal_altar, fedhas_altar_2

Skill      XL: |  1  2  3 |
---------------+----------+-----
Fighting       | 3 |  3.7
Crossbows      | 5 |  5.3
Throwing       | |  0.2
Armour         | |  0.2
Dodging        | |  2.4
Stealth        | |  0.7

Action                   |  1- 3 |  4- 6 || total
-------------------------+-------+-------++-------
Melee: Short sword       |     1 |       ||     1
       Spear             |    48 |    14 ||    62
       Headbutt          |     8 |     1 ||     9
 Fire: Hand crossbow     |    51 |       ||    51
Throw: Dart              |    30 |     7 ||    37
       Boomerang         |       |     7 ||     7
  Use: Potion            |       |     1 ||     1
  Eat: Chunk             |     1 |       ||     1
Armor: Leather armour    |    26 |     3 ||    29
Dodge: Dodged            |    38 |    14 ||    52
